Spork, chaotic male elven Priest ------------ ----- ----- |...........###### ----------- |....# |...| |..........| # |.........| |>..|######....| |..........| ##-..........#[##fd@Y##----- |....# # |..(| ----------.- |......#..| #.....###########-...|# `###-...| # # ######..........| |).`| -----# |...| ### # --------.-- |..`.############# ## ----- # ### # -.--- # # ### # ### # ##` # --------.--### # ### # # |.........-######`####-----.-- # ##)# |........^|###########.......| ################################ |.........| |......| --------.----- `### ----|-- |.........+ #####-...<..-##########|............| ###......| ----------- |......| #.............| ###|.....| -------- |............| +.....| |..{.........| |.....| -------------- ------- Spork the Acolyte Experience level: 5 Strength: 14 Dexterity: 9 Constitution: 15 Intelligence: 9 Wisdom: 20 Charisma: 9 Health: 0(34) Energy: 89(89) Def: 9 Gold: 0 Moves: 3065 Dungeon seed: cVqs68pKoTtcnK0p Game ID: Spork_1614101655 Your Inventory: Weapons a - a blessed +2 mace (weapon in hand) B - a +0 sling I - 7 +0 arrows (in quiver) J - a +0 bow (alternate weapon; not wielded) M - 4 +0 darts Armor e - a +0 robe (being worn) n - a +0 small shield (being worn) q - a +0 scale mail (being worn) y - a +0 pair of iron shoes (being worn) Comestibles c - a clove of garlic d - 2 sprigs of wolfsbane m - 3 blessed food rations Scrolls A - a scroll of light F - a blessed scroll of blank paper G - a scroll of blank paper H - a cursed scroll of blank paper N - 2 cursed scrolls of identify Potions b - 3 potions of holy water o - a potion of water Rings O - a -1 ring of gain constitution Q - a ring of sustain ability Tools h - a magic marker (0:82) z - a sack R - a magic whistle Contents of the sack: 1080 gold pieces a tripe ration a blessed spellbook of cure blindness a spellbook of light Spells and supernatural/magical abilities: Name Level Category Fail Memory l - light 1 divination 48% 85% B - cure blindness 2 healing 78% 85% W - pray for help -- divine ? -- X - turn undead -- divine ? -- Your skills at the end: Fighting Skills Weapon Skills mace [Basic] Spellcasting Skills clerical spells [Basic] Final Attributes: You were piously aligned. You were sleep resistant. You had infravision. You are dead. Vanquished creatures: an orc shaman a rock piercer 2 shriekers a gnome lord a kobold mummy a paper golem a giant ant 2 little dogs a floating eye a dwarf a kobold shaman a rothe a giant bat a monkey 2 iguanas a hobbit a large kobold a hobgoblin 2 yellow molds a green mold a red mold a gnome a gecko 3 jackals a fox a kobold a goblin 4 sewer rats 11 grid bugs 7 lichens a kobold zombie 3 newts 59 creatures vanquished. Voluntary challenges: You used a wielded weapon 60 times, starting on turn 59. You read items or engraved 2 times, starting on turn 463. You never genocided any monsters. You never polymorphed an object. You never changed form. You used no wishes. You never split a pudding. You never wrote Elbereth's name. You never violated your personal moral code. Dungeon overview: The Dungeons of Doom: levels 1 to 7 Level 1 a long staircase Level 2 an armor shop, some fountains Level 3 a fountain Level 4 a sink a long staircase Level 5 a fountain Level 6 Level 7 <- You were here a fountain, a sink History has recorded: On T:1 you entered the Dungeons of Doom to retrieve the Amulet of Yendor! On T:269 you reached level 2 of The Dungeons of Doom. On T:618 you advanced to experience level 2. On T:631 you reached level 3 of The Dungeons of Doom. On T:771 you advanced to experience level 3. On T:835 you reached level 4 of The Dungeons of Doom. On T:1131 you reached level 5 of The Dungeons of Doom. On T:1337 you advanced to experience level 4. On T:1451 you reached level 6 of The Dungeons of Doom. On T:2533 you reached level 7 of The Dungeons of Doom. On T:2752 you advanced to experience level 5. Score breakdown: Gold: 1080 (10320 points) Experience: 5 levels (11141 points) Exploration: 7 levels ( 14.29%) (10606 points) Discoveries: 4 items ( 1.40%) ( 3547 points) Valuables value: (no points given unless you survive) Artifact value: 0 ( 0 points) Variety of kills: 32 monsters ( 8.40%) ( 8694 points) Turncount: 3065 turns ( -631 points) Survival: died (score multiplied by 80%) Total score: 34941 Latest messages: The ape hits! The ape bites! You feel more confident in your weapon skills. You hit the ape. The ape hits! (2x) The ape bites! You miss the ape. The ape hits! (2x) The ape bites! You miss the ape. The ape misses. (2x) The ape bites! You begin praying to Kos. You are surrounded by a shimmering light. The ape starts to attack you, but pulls back. (3x) You feel that Kos is well-pleased. You stop. Your little dog is in the way! The ape hits! The ape misses. The ape bites! You die... Final status: Goodbye Spork the Priest, killed by an ape... You died in The Dungeons of Doom on dungeon level 7 with 34941 points, and 1080 pieces of gold, after 3065 moves. You were level 5 with a maximum of 34 hit points when you died.